 Dungeon Crawl Stone Soup version 0.23-a0-398-g8eab93f (webtiles) character file.

136 Garbasso the Grave Robber (level 4, 0/30 HPs)
             Began as a Demonspawn Necromancer on Nov 3, 2018.
             Succumbed to Crazy Yiuf's poison
             ... on level 2 of the Dungeon.
             The game lasted 00:10:54 (3576 turns).

Garbasso the Grave Robber (Demonspawn Necromancer)  Turns: 3576, Time: 00:10:55

Health: 0/30       AC:  9    Str:  9    XL:     4   Next: 98%
Magic:  2/8        EV: 12    Int: 17    God:
Gold:   114        SH:  0    Dex: 13    Spells: 1/9 levels left

rFire    . . .     SeeInvis .   l - +0 flail
rCold    . . .     Gourm    .   (no shield)
rNeg     . . .     Faith    .   a - +0 robe
rPois    .         Spirit   +   e - +0 helmet
rElec    .         Reflect  .   (no cloak)
rCorr    .         Harm     .   (no gloves)
MR       .....                  (no boots)
Stlth    ++........             (no amulet)
HPRegen  0.10/turn              (no ring)
MPRegen  0.11/turn              (no ring)

@: lethally poisoned (0 -> -6), sanguine armour, slowed, very slow
A: magic shield, sanguine armour 1
a: no special abilities


You were on level 2 of the Dungeon.
You were hungry.

You visited 1 branch of the dungeon, and saw 2 of its levels.

You collected 114 gold pieces.

Inventory:

Hand Weapons
 l - a +0 flail (weapon)
Armour
 a - a +0 robe (worn)
 e - a +0 helmet (worn)
Scrolls
 b - a scroll of identify {unknown}
 d - a scroll of teleportation {unknown}
 h - a scroll of amnesia {unknown}
Potions
 f - a potion of curing {unknown}
 j - a potion of mutation {unknown}
 k - a potion of degeneration {unknown}
Comestibles
 c - 10 rations


   Skills:
 - Level 1.7 Dodging
 - Level 1.7 Stealth
 + Level 3.1 Spellcasting
 * Level 6.2 Necromancy


You had one spell level left.
You knew the following spells:

 Your Spells              Type           Power        Failure   Level  Hunger
a - Pain                  Necr           ###.         1%          1    None
b - Animate Skeleton      Necr           N/A          1%          1    None
c - Regeneration          Chrm/Necr      ##........   14%         3    ###....
d - Vampiric Draining     Necr           ###.......   4%          3    ###....

Your spell library contained the following spells:

 Spells                   Type           Power        Failure   Level  Hunger
 Animate Dead             Necr           N/A          13%         4    ####...


Dungeon Overview and Level Annotations

Branches:
Dungeon (2/15)

Altars:
Sif Muna
Wu Jian
Xom

Annotations:
D:2 Crazy Yiuf


Innate Abilities, Weirdness & Mutations

When hurt, damage is shared between your health and your magic reserves.
When seriously injured, your bleeding wounds create armour. (AC +6)


Message History

* * * LOW HITPOINT WARNING * * *
You turn into an insubstantial wisp.
Your +0 flail melds into your body.
Your +0 helmet melds into your body.
Your +0 robe melds into your body.
You turn to vapour and can move again.
Your blood armour dries and flakes away.
Okay, then.
Your magical contamination has completely faded away.
Crazy Yiuf misses you.
Your transformation is almost over.
Crazy Yiuf yells, "Iron water sing-song!"
Crazy Yiuf whimpers, "Prologue ragdoll snockshim!"
Crazy Yiuf completely misses you.
Your transformation has ended.
Your +0 flail unmelds from your body.
Your +0 helmet unmelds from your body.
Your +0 robe unmelds from your body.
Your blood congeals into armour.
* * * LOW HITPOINT WARNING * * *
You feel sick.
* * * LOW HITPOINT WARNING * * *
You feel sick. Crazy Yiuf hits you but does no damage.
You die...

#......##..# #+..+# #.#
#......##..####....####.#
#.............#...##.##.#
...#.#.....##.##........#
...+.#..##.####..##..##)#
...###..##.###........#.####
...# #..........g......(...#
...# #.###...............#.#
..## #.# #.###..@.....#..#.#
#.# #.# #...#........#....#
#.# #.# ###.....>.......###
#.# #)# #.............# #.#
#.# #.#........#..# #.# #.#
#.##..##..##..# ..# #(#
#..###...###..# ..# #.#
#..###.#.###..# ..# #.#
#.....Z.......#


You could see Crazy Yiuf.

Vanquished Creatures
  4 gnolls
  2 adders (D:2)
  2 dart slugs (D:1)
  3 leopard geckos (D:1)
  7 bats
  2 giant cockroaches (D:1)
  12 goblins
  6 hobgoblins
  3 jackals (D:1)
  5 kobolds
  3 frilled lizards
  5 rats
54 creatures vanquished.

Vanquished Creatures (collateral kills)
  Robin (D:2)
  A dart slug (D:1)
  3 goblins
  2 hobgoblins
  2 quokkas (D:2)
  A bat (D:1)
  A frilled lizard (D:1)
  A kobold (D:2)
  A rat (D:1)
13 creatures vanquished.

Grand Total: 67 creatures vanquished

Notes
Turn   | Place    | Note
-------+----------+-------------------------------------------
     0 | D:1      | Garbasso the Demonspawn Necromancer began the quest for the
                  | Orb.
     0 | D:1      | Reached XP level 1. HP: 13/13 MP: 3/3
     2 | D:1      | Learned a level 1 spell: Animate Skeleton
   470 | D:1      | Gained mutation: When seriously injured, your bleeding
                  | wounds create armour. (AC +6) [demonic ancestry]
   470 | D:1      | Reached XP level 2. HP: 14/19 MP: 1/5
   834 | D:1      | Reached skill level 5 in Necromancy
  1072 | D:1      | Gained mutation: When hurt, damage is shared between your
                  | health and your magic reserves. [demonic ancestry]
  1072 | D:1      | Reached XP level 3. HP: 17/24 MP: 4/6
  1652 | D:1      | Learned a level 3 spell: Regeneration
  1938 | D:2      | Noticed Robin
  2330 | D:1      | Reached XP level 4. HP: 7/30 MP: 0/8
  2339 | D:1      | Learned a level 3 spell: Vampiric Draining
  2756 | D:2      | Reached skill level 6 in Necromancy
  2907 | D:2      | Found a runed door.
  2996 | D:2      | Found an ornate altar of the Wu Jian Council.
  2996 | D:2      | Found a shimmering altar of Xom.
  3054 | D:2      | Killed Robin
  3361 | D:2      | Found a deep blue altar of Sif Muna.
  3545 | D:2      | Noticed Crazy Yiuf
  3575 | D:2      | HP: 1/30 [poisoned by Crazy Yiuf]
  3576 | D:2      | Succumbed to Crazy Yiuf's poison

Vault maps used:
D:1:      minmay_arrival_radiant_lines, minmay_vboxes
D:2:      marbit_many_paths, chequers_temple_overflow_statue_of_worship,
          hangedman_glass_teeth, st_stairs_5, uniq_crazy_yiuf_cottage,
          uniq_robin

Skill      XL: |  1  2  3  4 |
---------------+-------------+-----
Necromancy     | 5 6 |  6.2
Spellcasting   | 3 |  3.1
Dodging        | |  1.7
Stealth        | |  1.7

Action                   |  1- 3 |  4- 6 || total
-------------------------+-------+-------++-------
Melee: Unarmed           |     9 |       ||     9
       Club              |    44 |       ||    44
       Dagger            |    35 |    10 ||    45
       Flail             |       |    47 ||    47
 Cast: Pain              |    50 |    17 ||    67
       Animate Skeleton  |    19 |     8 ||    27
       Vampiric Draining |       |     3 ||     3
       Regeneration      |       |     3 ||     3
 Stab: Sleeping          |     1 |     2 ||     3
       Distracted        |     1 |       ||     1
  Eat: Chunk             |     5 |     4 ||     9
Armor: Robe              |    48 |    37 ||    85
Dodge: Dodged            |    99 |    59 ||   158

Table legend:
 A = Non-vault XP
 B = Vault XP
 C = Vault XP percentage of total XP
 D = Non-vault monster count
 E = Vault monster count
 F = Vault count percentage of total count
                 A         B        C        D         E       F
            +---------+---------+-------+---------+---------+-------
      Total |     147 |      48 |  24.6 |      46 |      21 |  31.3
            +---------+---------+-------+---------+---------+-------
        D:1 |      66 |      23 |  25.8 |      30 |      12 |  28.6
        D:2 |      81 |      25 |  23.6 |      16 |       9 |  36.0
            +---------+---------+-------+---------+---------+-------
